 Dungeon Crawl Stone Soup version 0.26-a0-651-gb41185065b (webtiles) character file.

Game seed: 5626969611632867162

44 Azzok the Shield-Bearer (level 3, -5/29 HPs)
             Began as a Demonspawn Fighter on Oct 18, 2020.
             Slain by a killer bee zombie (6 damage)
             ... on level 2 of the Dungeon.
             The game lasted 00:01:32 (1190 turns).

Azzok the Shield-Bearer (Demonspawn Fighter)        Turns: 1190, Time: 00:01:33

Health: -5/29      AC:  9    Str: 16    XL:     3   Next: 39%
Magic:  3/3        EV:  6    Int: 10    God:
Gold:   68         SH:  9    Dex: 12    Spells: 2/2 levels left

rFire    . . .     SeeInvis .   e - +2 dagger (drain)
rCold    . . .     Faith    .   b - +0 kite shield
rNeg     . . .     Spirit   .   a - +0 scale mail
rPois    .         Reflect  .   (no helmet)
rElec    .         Harm     .   p - +0 cloak
rCorr    .         Rampage  .   (no gloves)
MR       .....                  (no boots)
Stlth    ..........             (no amulet)
HPRegen  0.09/turn              (no ring)
MPRegen  0.08/turn              (no ring)

@: no status effects
A: hooves 1, thin metallic scales 1
a: no special abilities


You were on level 2 of the Dungeon.
You visited 1 branch of the dungeon, and saw 2 of its levels.

You collected 68 gold pieces.

Inventory:

Hand Weapons
 e - a +2 dagger of draining (weapon)
Armour
 a - a +0 scale mail (worn)
 b - a +0 kite shield (worn)
 p - a +0 cloak (worn)
Jewellery
 i - a +4 ring of protection {unknown}
 o - a cursed amulet of inaccuracy {unknown}
 q - an uncursed amulet of magic regeneration {unknown}
Wands
 r - a wand of enslavement (9)
Scrolls
 d - a scroll of teleportation {unknown}
 f - 3 scrolls of enchant armour {unknown}
 g - a scroll of enchant weapon {unknown}
 k - 3 scrolls of remove curse {unknown}
 m - a scroll of noise {unknown}
Potions
 c - a potion of might
 h - a potion of resistance {unknown}
 j - a potion of haste {unknown}
 l - a potion of stabbing {unknown}
 n - a potion of heal wounds {unknown}


   Skills:
 - Level 3.0 Fighting
 - Level 2.6 Armour
 + Level 3.4 Shields
 + Level 2.7 Unarmed Combat


You had 2 spell levels left.
You didn't know any spells.
Your spell library was empty.

Dungeon Overview and Level Annotations

Branches:
Dungeon (2/15)

Altars:


Innate Abilities, Weirdness & Mutations

You have large cloven feet.
You are partially covered in thin metallic scales. (AC +2)


Message History

* * * LOW HITPOINT WARNING * * *
You block the killer bee zombie's attack.
You closely miss the killer bee zombie. Your kick misses the killer bee zombie.
The killer bee zombie is severely damaged.
The killer bee zombie hits you but does no damage.
The killer bee zombie hits you.
* * * LOW HITPOINT WARNING * * *
You hit the killer bee zombie. Your kick misses the killer bee zombie.
The killer bee zombie is almost destroyed.
You block the killer bee zombie's attack. x2
You closely miss the killer bee zombie.
You kick the killer bee zombie, but do no damage.
The killer bee zombie is almost destroyed.
The killer bee zombie hits you but does no damage.
The killer bee zombie hits you.
* * * LOW HITPOINT WARNING * * *
You miss the killer bee zombie.
The killer bee zombie is almost destroyed.
The killer bee zombie hits you.
You die...

▒··············▒
▒··············
▒▒··········▒▒▒▒▒▒▒▒·
····················
▒▒·········▒▒▒▒▒▒▒▒▒
▒·········▒ ▒▒
▒▒▒▒▒▒·········▒▒ ▒▒·
················▒
▒▒·▒
·······@▒▒▒▒▒▒▒·▒▒
▒▒·▒· ·······Z▒
▒··▒▒▒·▒(▒ ······?·▒
▒▒·▒▒·▒·▒▒ ········▒
▒·▒·▒)▒▒· ········▒
▒··▒·▒▒·▒ ········▒
▒···▒▒·▒· ········▒
▒▒·▒▒·▒·▒ ········▒
▒▒▒·▒·▒▒ ▒·▒·▒


You could see a killer bee zombie.

Vanquished Creatures
  A worm (D:2)
  A dart slug (D:2)
  A leopard gecko (D:1)
  2 bats
  2 giant cockroaches (D:1)
  6 goblins
  7 hobgoblins
  A jackal (D:2)
  3 frilled lizards
  6 kobolds
  5 rats
35 creatures vanquished.

Notes
Turn   | Place    | Note
-------+----------+-------------------------------------------
     0 | D:1      | Azzok the Demonspawn Fighter began the quest for the Orb.
     0 | D:1      | Reached XP level 1. HP: 18/18 MP: 1/1
   351 | D:1      | Gained mutation: You are partially covered in thin metallic
                  | scales. (AC +2) [demonic ancestry]
   351 | D:1      | Reached XP level 2. HP: 24/24 MP: 2/2
   919 | D:2      | Gained mutation: You have large cloven feet. [demonic
                  | ancestry]
   919 | D:2      | Reached XP level 3. HP: 28/29 MP: 3/3
  1189 | D:2      | HP: 1/29 [killer bee zombie (1)]
  1190 | D:2      | Slain by a killer bee zombie

Illustrated notes

Levels and vault maps discovered:
D:1:      minmay_arrival_doors, layout_loops_ring, amethyst_killhole
D:2:      minmay_inner_zag, layout_basic, nicolae_ru_awakened_eye,
          wad_floor_pattern_untrapped

Skill      XL: |  1 |
---------------+----+-----
Unarmed Combat | 2 |  2.7
Shields        | 3 |  3.4
Fighting       | |  3.0
Armour         | |  2.6

Action                   || total
-------------------------++-------
Melee: Unarmed           ||    25
       Dagger            ||    81
       Kick              ||     4
Armor: Scale mail        ||    46
Dodge: Dodged            ||    25
Block: Kite shield       ||    35

Table legend: (Time is in decaauts)
 A = Elapsed time spent in this place.
 B = Non-inter-level travel time spent in this place.
 C = Inter-level travel time spent in this place.
 D = Time resting spent in this place.
 E = Time spent auto-exploring this place.
 F = Levels seen in this place.
 G = Mean time per level.
                   A        B        C        D        E       F      G
               +--------+--------+--------+--------+--------+-----+--------+
         Total |   1197 |   1177 |     20 |      0 |    911 |   2 |  598.5 |
       Dungeon |   1197 |   1177 |     20 |      0 |    911 |   2 |  598.5 |
               +--------+--------+--------+--------+--------+-----+--------+

Top non-repeatable levels by time:
     D:1: 910 daAuts
     D:2: 287 daAuts
